 Dungeon Crawl Stone Soup version 0.19-a0-630-g098d46c (webtiles) character file.

2578 Hallidorz the Basher (level 9, 0/76 HPs)
             Began as a Minotaur Berserker on June 13, 2016.
             Was a Priest of Trog.
             Slain by an orc warrior
             ... wielding a +2 halberd of venom
              (20 damage)
             ... on level 8 of the Dungeon.
             The game lasted 00:32:34 (4256 turns).

Hallidorz the Basher (Minotaur Berserker)           Turns: 4256, Time: 00:32:34

Health: 0/76       AC: 14    Str: 25    XL:     9   Next: 32%
Magic:  8/8        EV: 10    Int:  4    God:    Trog [***...]
Gold:   46         SH: 12    Dex: 12    Spells: 0 memorised, 8 levels left

rFire  + . .     SeeInvis .     e - +0 mace (protect)
rCold  . . .     Gourm    .     o - +0 scale mail
rNeg   . . .     Faith    .     s - +0 shield
rPois  .         Spirit   .     (helmet restricted)
rElec  .         Dismiss  .     (no cloak)
rCorr  .         Reflect  .     C - +1 pair of gloves {archery}
SustAt .         Harm     .     (no boots)
MR     +....                    (no amulet)
Stlth  ..........               w - ring of protection from fire
                                f - ring of protection from magic

@: lethally poisoned (0 -> -34), exhausted, slowed, very slow, somewhat
resistant to hostile enchantments, extremely unstealthy
A: retaliatory headbutt, horns 2, rugged brown scales 1, agile 1, slow
regeneration 1
a: Berserk, Trog's Hand, Burn Spellbooks, Renounce Religion


You were on level 8 of the Dungeon.
You worshipped Trog.
Trog was most pleased with you.
You were not hungry.

You visited 1 branch of the dungeon, and saw 8 of its levels.

You collected 240 gold pieces.
You spent 194 gold pieces at shops.

Inventory:

Hand Weapons
 a - a +0 mace
 e - a +0 mace of protection (weapon)
 g - a +0 club
 k - a +0 mace
 n - a +0 mace
Armour
 b - a +0 animal skin
 l - a +0 chain mail
 o - a +0 scale mail (worn)
 q - a cursed +0 naga barding
 s - a +0 shield (worn)
 y - a +0 helmet
 C - a +1 pair of gloves of archery (worn)
Jewellery
 f - a ring of protection from magic (left hand)
 m - an uncursed ring of sustain attributes
 w - a ring of protection from fire (right hand)
 D - an uncursed ring of protection from fire
Scrolls
 d - a scroll of blinking
 j - a scroll of remove curse {unknown}
 p - 3 scrolls of teleportation
 r - a scroll of fear {unknown}
Potions
 h - a potion of berserk rage
 i - 3 potions of curing
 t - a potion of might
 x - a potion of lignification
 z - a potion of flight
 A - a potion of cure mutation
 B - a potion of haste


   Skills:
 - Level 5.2 Fighting
 + Level 10.3 Maces & Flails
 - Level 3.1 Armour
 - Level 3.1 Dodging
 + Level 1.8 Stealth
 * Level 10.1 Shields


You had 8 spell levels left.
You didn't know any spells.

Dungeon Overview and Level Annotations

Branches:
Dungeon (9/15)             Temple (0/1) D:5
   Lair: D:8-11         Orc: D:9-12

Altars:
Ashenzari
Okawaru
Qazlal
Jiyva

Shops:
D:4 (   D:6 [   D:9 **:[


Innate Abilities, Weirdness & Mutations

You reflexively headbutt those who attack you in melee.
You have a pair of horns on your head.
You are partially covered in rugged brown scales. (AC +1, +3% HP)
You are agile. (Dex +2)
You regenerate slowly when monsters are visible.


Message History

The orc warrior hits you with a halberd of venom!
You are lethally poisoned!
You block the orc warrior's attack.
A white imp comes into view.
You feel very sick.
The white imp shouts!
You block the white imp's attack.
The white imp moves out of view.
The orc warrior hits you but does no damage.
You are more poisoned.
The white imp gestures at you. The puff of frost hits you!
You hit the white imp but do no damage.
You feel very sick.
The white imp hits you but does no damage.
The orc warrior barely misses you.
You barely miss the white imp.
* * * LOW HITPOINT WARNING * * *
You feel very sick.
The orc warrior hits you with a halberd of venom!!
You die...

#. #. #.##### #
#.....###.#
.........
#.....# #....#
###))o.#####
#...@5......
.....##>####.##
#.#.. #5# .....
... #.#. ##...
.... ..... ####
..##.. ..# #..
.... ...


You could see an orc warrior and 2 white imps.

Vanquished Creatures
  Pikel (D:5)
  A wyvern (D:9)
  3 hippogriffs
  3 sky beasts (D:9)
  2 ice beasts
  2 phantoms (D:5)
  A giant frog (D:6)
  A scorpion (D:9)
  A water moccasin skeleton (D:6)
  2 crimson imps (D:5)
  5 jellies (D:9)
  A gnoll shaman (D:6)
  2 hounds
  5 orc wizards
  3 centaur skeletons
  An iguana (D:9)
  2 worker ants
  A hound skeleton (D:4)
  3 gnolls (D:6)
  8 adders
  2 shadow imps
  2 white imps (D:8)
  An ooze (D:1)
  An adder skeleton (D:9)
  A giant gecko (D:3)
  11 orcs
  2 giant cockroaches (D:3)
  6 hobgoblins
  4 jackals (D:9)
  4 kobolds
  3 quokkas
  A giant cockroach zombie (D:3)
  2 giant newts
  4 goblins
  A rat (D:1)
93 creatures vanquished.

Vanquished Creatures (others)
  A slave (D:5)
  An ogre (D:5)
  A worker ant (D:5)
  An adder (D:5)
  A giant gecko (D:5)
  A toadstool (D:9)
6 creatures vanquished.

Grand Total: 99 creatures vanquished

Notes
Turn   | Place    | Note
--------------------------------------------------------------
     0 | D:1      | Hallidorz the Minotaur Berserker began the quest for the Orb.
     0 | D:1      | Reached XP level 1. HP: 19/19 MP: 0/0
   132 | D:1      | Reached XP level 2. HP: 3/27 MP: 1/1
   528 | D:2      | Found a stormy altar of Qazlal.
   668 | D:3      | Reached XP level 3. HP: 34/34 MP: 2/2
   769 | D:3      | Found an iron altar of Okawaru.
   821 | D:3      | Reached ** piety under Trog
   838 | D:3      | Reached XP level 4. HP: 28/41 MP: 3/3
  1000 | D:3      | Reached skill level 5 in Fighting
  1092 | D:4      | Reached skill level 5 in Maces & Flails
  1229 | D:4      | Found Bekuac's Antique Weapon Emporium.
  1305 | D:4      | Reached XP level 5. HP: 40/48 MP: 4/4
  1608 | D:5      | Entered Level 5 of the Dungeon
  1622 | D:5      | Reached skill level 1 in Shields
  1661 | D:5      | Noticed an ice beast
  1673 | D:5      | Killed an ice beast
  1673 | D:5      | Reached XP level 6. HP: 56/56 MP: 5/5
  1722 | D:5      | Noticed Pikel
  1722 | D:5      | Noticed a slave
  1722 | D:5      | Noticed a slave
  1723 | D:5      | Noticed a slave
  1725 | D:5      | Noticed a slave
  1732 | D:5      | Killed Pikel
  1732 | D:5      | Reached skill level 1 in Stealth
  1732 | D:5      | Reached XP level 7. HP: 61/61 MP: 6/6
  1791 | D:5      | Found a staircase to the Ecumenical Temple.
  1900 | D:5      | Reached skill level 5 in Shields
  2329 | D:6      | Found Uxiunn's Antique Armour Emporium.
  2334 | D:6      | Reached XP level 8. HP: 64/68 MP: 7/7
  2363 | D:6      | Bought a pair of runed gloves for 126 gold pieces
  2548 | D:6      | Reached *** piety under Trog
  2619 | D:6      | You fall through a shaft for 3 floors!
  2782 | D:9      | Found a shattered altar of Ashenzari.
  2895 | D:9      | Gained mutation: Your muscles are strong. (Str +2) [mutagenic meat]
  2896 | D:9      | Gained mutation: You regenerate slowly when monsters are visible. [mutagenic meat]
  2915 | D:9      | Found Lies's General Store.
  3036 | D:9      | Lost mutation: Your muscles are strong. (Str +2) [potion of mutation]
  3036 | D:9      | Gained mutation: You are partially covered in rugged brown scales. (AC +1, +3% HP) [potion of mutation]
  3036 | D:9      | Gained mutation: You are agile. (Dex +2) [potion of mutation]
  3136 | D:9      | Found a viscous altar of Jiyva.
  3515 | D:9      | Found Geashiopt's Book Boutique.
  3527 | D:9      | Reached XP level 9. HP: 72/76 MP: 8/8
  3536 | D:9      | Reached skill level 10 in Maces & Flails
  3555 | D:9      | Found Zeboti's Assorted Antiques.
  3579 | D:9      | Bought a scroll of identify for 68 gold pieces
  3635 | D:9      | Found Ocraitaj's Armour Emporium.
  4243 | D:8      | Reached skill level 10 in Shields
  4256 | D:8      | Slain by an orc warrior

Vault maps used:
D:1:      dpeg_arrival_boxes_within_box
D:2:      nicolae_overflow_hidden_temple, makhleb_heckhound_becter,
          nicolae_overflow_crystal_walls
D:3:      okawaru_ov_weapons_minmay, grunt_dithmenos_smoke
D:4:      marbit_many_paths, serial_shops, shop_statue,
          hangedman_decor_slide_cut
D:5:      minmay_temple_entry_mist, first_bread, glass_columns_b, minivault_14,
          uniq_pikel
D:6:      cheibrodos_worm_habitat, lemuel_round_altar, serial_shops, shop,
          trog_butcher_becter
D:8:      tgw_sif, minmay_lair_entry_lava, serial_ice, serial_ice_k,
          serial_ice_o, serial_ice_e, serial_ice_m, uniq_psyche, uniq_maurice
D:9:      evilmike_ruin_ashenzari, serial_shops, shop, nicolae_shop_stone,
          nicolae_shop_crystal, nicolae_shop_waterfront,
          lasty_cornered_adventurer

Skill      XL: |  1  2  3  4  5  6  7  8  9 |
---------------+----------------------------+-----
Maces & Flails | 4 5 6 7 8 9 10 | 10.3
Fighting       | 4 5 |  5.2
Armour         | 3 |  3.1
Dodging        | 3 |  3.1
Shields        | 2 4 5 8 10 | 10.1
Stealth        | 1 |  1.8

Action                   |  1- 3 |  4- 6 |  7- 9 || total
-------------------------+-------+-------+-------++-------
Melee: Mace              |    53 |    52 |   210 ||   315
       Headbutt          |     7 |     8 |    59 ||    74
Invok: Berserk           |     3 |     3 |     8 ||    14
  Use: Scroll            |       |       |    13 ||    13
       Potion            |       |       |     1 ||     1
  Eat: Chunk             |     2 |     3 |     3 ||     8
       Royal jelly       |       |     1 |       ||     1
       Bread ration      |       |       |     2 ||     2
       Meat ration       |       |       |     2 ||     2
Armor: Animal skin       |     4 |       |       ||     4
       Chain mail        |    16 |       |       ||    16
       Scale mail        |       |    22 |    62 ||    84
Dodge: Dodged            |    20 |    27 |    65 ||   112
Block: Shield            |       |     7 |   129 ||   136
